 Dungeon Crawl Stone Soup version 0.29-a0-878-g7b45a56547 (webtiles) character file.

Game seed: 5081214407984226739

113 buhh the Trooper (level 5, -4/47 HPs)
             Began as a Meteoran Abyssal Knight on July 20, 2022.
             Was a Priest of Lugonu.
             Slain by Sigmund
             ... wielding a +0 scythe
              (7 damage)
             ... on level 3 of the Dungeon.
             The game lasted 00:03:53 (1324 turns).

buhh the Trooper (Meteoran Abyssal Knight)          Turns: 1324, Time: 00:03:53

Health: -4/47      AC:  4    Str: 17    XL:     5   Next: 41%
Magic:  6/9        EV: 11    Int: 11    God:    Lugonu [***...]
Gold:   191        SH:  0    Dex: 14    Spells: 4/4 levels left

rFire   . . .      SeeInvis .   a - +1 mace
rCold   . . .      Faith    .   (no shield)
rNeg    . . .      Spirit   .   b - +0 leather armour
rPois   .          Reflect  .   l - +0 helmet
rElec   .          Harm     .   (no cloak)
rCorr   .          Rampage  .   (no gloves)
Will    .....                   (no boots)
Stlth   +.........              (no amulet)
HPRegen 0.15/turn               (no ring)
MPRegen 0.11/turn               (no ring)

@: glowing
A: sense surroundings 1, otherworldly, glowing, explore regen
a: Renounce Religion, Depart the Abyss, Bend Space, Banish


You were on level 3 of the Dungeon.
You worshipped Lugonu.
Lugonu was most pleased with you.
You visited 1 branch of the dungeon, and saw 3 of its levels.
You visited the Abyss 1 time.

You collected 191 gold pieces.

Inventory:

Hand Weapons
 a - a +1 mace (weapon)
Armour
 b - a +0 leather armour (worn)
 l - a +0 helmet (worn)
Wands
 i - a wand of polymorph (5)
 D - a wand of paralysis (4)
Scrolls
 d - a scroll of fear {unknown}
 f - 2 scrolls of teleportation {unknown}
 g - 3 scrolls of identify {unknown}
 h - a scroll of poison {unknown}
 n - a scroll of blinking {unknown}
Potions
 c - 2 potions of curing {unknown}
 e - 3 potions of brilliance {unknown}
 j - a potion of invisibility {unknown}
 k - a potion of degeneration {unknown}
 m - a potion of attraction {unknown}


   Skills:
 + Level 4.3 Fighting
 + Level 4.2 Maces & Flails
 - Level 2.5 Armour
 - Level 1.4 Dodging
 + Level 4.1 Invocations


You had 4 spell levels left.
You didn't know any spells.
Your spell library was empty.

Dungeon Overview and Level Annotations

Branches:
Dungeon (3/15) Zot: 438

Altars:

Shops:
D:3 [

Annotations:
D:3 Sigmund


Innate Abilities, Weirdness & Mutations

You passively map a small area around you.
You are easily found by Zot.
You glow in the dark.
You regain HP and MP as you explore.


Message History

You thump the hobgoblin!
You kill the hobgoblin!
Lugonu accepts your kill.
No target in view!
No target in view!
You now have 174 gold pieces (gained 9).
You now have 191 gold pieces (gained 17).
c - 2 bubbling coppery potions (gained 1)
n - a scroll labelled WOLUZIC PINES
Found a stone staircase leading down.
Found an escape hatch in the ceiling.
Found a stone staircase leading down.
Sigmund the Dreaded comes into view.
He is wielding a +0 scythe.
Sigmund shouts!
Press: ? - help, Shift-Dir - straight line, f - Sigmund
Aim: Sigmund, wielding a +0 scythe and wearing a +0 robe (chance to affect: 87%)
You fail to use your ability.
Sigmund gestures wildly while chanting.
Sigmund flickers and vanishes!
Deactivating autopickup; reactivate with Ctrl-A.
Press: ? - help, Shift-Dir - straight line You fail to use your ability.
Press: ? - help, Shift-Dir - straight line You fail to use your ability.
Something hits you.
Press: ? - help, Shift-Dir - straight line Nothing appears to happen.
Something hits you but does no damage.
You miss something. Something hits you but does no damage.
You barely miss something. You miss something. Something hits you!
You barely miss something. Something hits you.
You closely miss something. Something hits you!
You hit something. Something hits you.
* * * LOW HITPOINT WARNING * * *
You sock something! You hit something. Something hits you!
* * * LOW HITPOINT WARNING * * *
You sock something! Something hits you!
You die...

### #.#### #....#
##.##.# #...#.# , *
####<.>#.# * #
#......#.# *.#
#.##.#.#@# ####.# #
#.#.#{#
.....####,##.#.#.#
......... #..#.#.#
..#..######.##.#.#
#.#..#.........#.#
.....#....##.###.#
#....#.......# ..#*
........######.#..,


There were no monsters in sight!

Vanquished Creatures
  4 adders (D:2)
  3 worms
  4 dart slugs
  An orc (D:3)
  4 ball pythons
  4 bats
  4 endoplasms
  2 giant cockroaches
  7 goblins
  8 hobgoblins
  6 kobolds
  2 quokkas
  2 frilled lizards (D:2)
  4 rats
55 creatures vanquished.

Notes
Turn   | Place    | Note
-------+----------+-------------------------------------------
     0 | Abyss:1  | buhh the Meteoran Abyssal Knight began the quest for the
                  | Orb.
     0 | Abyss:1  | Reached XP level 1. HP: 19/19 MP: 3/3
     3 | D:1      | Escaped the Abyss
    34 | D:1      | Reached XP level 2. HP: 24/26 MP: 4/4
   207 | D:1      | Reached XP level 3. HP: 31/31 MP: 6/6
   387 | D:1      | Found a faded altar of an unknown god.
   491 | D:1      | Glimpsed the power of Zot.
   541 | D:1      | Glimpsed the power of Zot.
   622 | D:2      | Reached XP level 4. HP: 19/40 MP: 7/7
   632 | D:2      | Reached *** piety under Lugonu
   754 | D:2      | Reached XP level 5. HP: 43/46 MP: 8/8
   967 | D:3      | Found Hyuhig's Antique Armour Shop.
  1304 | D:3      | Noticed Sigmund
  1324 | D:3      | Slain by Sigmund

Illustrated notes

Levels and vault maps discovered:
D:1:      scummos_arrival_simple_crosswalls, layout_loops_corners,
          ebering_ecumenical_altar_box
D:2:      layout_rooms, nicolae_figureground_pulse
D:3:      minmay_razor_zed, layout_basic, serial_shops, shop, minivault_23,
          minmay_misc_feat_iff, uniq_sigmund

Skill      XL: |  1  2  3  4  5 |
---------------+----------------+-----
Maces & Flails | 3 4 |  4.2
Invocations    | 3 4 |  4.1
Fighting       | 4 |  4.3
Armour         | |  2.5
Dodging        | |  1.4

Action                   |  1- 3 |  4- 6 || total
-------------------------+-------+-------++-------
Melee: Mace              |    58 |   126 ||   184
       Punch             |     2 |       ||     2
Invok: Banish            |       |     1 ||     1
Armor: Leather armour    |    31 |    59 ||    90
Dodge: Dodged            |    31 |    85 ||   116

Table legend: (Time is in decaauts)
 A = Elapsed time spent in this place.
 B = Non-inter-level travel time spent in this place.
 C = Inter-level travel time spent in this place.
 D = Time resting spent in this place.
 E = Time spent auto-exploring this place.
 F = Levels seen in this place.
 G = Mean time per level.
                   A        B        C        D        E       F      G
               +--------+--------+--------+--------+--------+-----+--------+
         Total |   1363 |   1363 |      0 |      0 |    570 |   4 |  340.8 |
       Dungeon |   1360 |   1360 |      0 |      0 |    570 |   3 |  453.3 |
         Abyss |      3 |      3 |      0 |      0 |      0 |   1 |    3.0 |
               +--------+--------+--------+--------+--------+-----+--------+

Top non-repeatable levels by time:
     D:1: 568 daAuts
     D:3: 399 daAuts
     D:2: 393 daAuts
 Abyss:1: 3 daAuts
